 Dungeon Crawl Stone Soup version 0.27.1 (webtiles) character file.

Game seed: 14771481672128194725

4 MajorAdolf the Vexing (level 1, -1/19 HPs)
             Began as a Naga Wanderer on Aug 28, 2021.
             Slain by a hobgoblin (3 damage)
             ... on level 1 of the Dungeon.
             The game lasted 00:00:14 (217 turns).

MajorAdolf the Vexing (Naga Wanderer)                Turns: 217, Time: 00:00:14

Health: -1/19      AC:  1    Str: 12    XL:     1   Next: 60%
Magic:  1/1        EV:  9    Int: 11    God:
Gold:   26         SH:  0    Dex: 13    Spells: 0/0 levels left

rFire    . . .     SeeInvis +   a - +2 dagger
rCold    + . .     Faith    .   (no shield)
rNeg     . . .     Spirit   .   f - +0 robe
rPois    +         Reflect  .   (no helmet)
rElec    .         Harm     .   (no cloak)
rCorr    .         Rampage  .   (no gloves)
Will     .....                  (no barding)
Stlth    +.........             (no amulet)
HPRegen  0.06/turn              g - ring of protection from cold
MPRegen  0.07/turn              (no ring)

@: short of breath, very slow
A: AC +0, large, see invisible, deformed body, poison resistance, slowness 2,
spit poison 1, naga tail 1
a: Spit Poison


You were on level 1 of the Dungeon.
You visited 1 branch of the dungeon, and saw 1 of its levels.

You collected 26 gold pieces.

Inventory:

Hand Weapons
 a - a +2 dagger (weapon)
 c - a +0 hand axe
 d - a +0 hand crossbow
Missiles
 b - 2 curare-tipped darts (quivered)
 e - 48 bolts
Armour
 f - a +0 robe (worn)
Jewellery
 g - a ring of protection from cold (left hand)


   Skills:
 + Level 2.0 Fighting
 + Level 3.0 Crossbows
 + Level 1.0 Throwing
 + Level 3.0 Hexes
 + Level 1.0 Evocations


You couldn't memorise any spells.
You didn't know any spells.
Your spell library was empty.

Dungeon Overview and Level Annotations

Branches:
Dungeon (1/15)

Altars:


Innate Abilities, Weirdness & Mutations

Your serpentine skin is tough. (AC +0)
You have supernaturally acute eyesight. (SInv)
Armour fits poorly on your strangely shaped body.
Your system is resistant to poisons. (rPois)
You cover ground very slowly.
You can spit poison.
You have a snake-like lower body.


Message History

The hobgoblin shouts! x2
You hit the hobgoblin.
The hobgoblin is lightly wounded.
The hobgoblin hits you.
You hit the hobgoblin.
The hobgoblin is heavily wounded.
The hobgoblin hits you.
You hit the hobgoblin.
The hobgoblin is severely wounded.
The hobgoblin hits you. The hobgoblin closely misses you.
You closely miss the hobgoblin.
The hobgoblin is severely wounded.
The hobgoblin hits you. x2
You are too injured to fight recklessly!
You are too injured to fight recklessly!
You are too injured to fight recklessly!
You are too injured to fight recklessly!
Unknown command.
The hobgoblin hits you.
* * * LOW HITPOINT WARNING * * *
You see here a book of Maledictions.
Press: ? - help, Shift-Dir - straight line, f - hobgoblin
Aim: a hobgoblin The splash of poison hits the hobgoblin.
The hobgoblin is heavily wounded.
The hobgoblin misses you.
Unknown command.
You have got your breath back.
The hobgoblin hits you but does no damage.
Press: ? - help, Shift-Dir - straight line, f/p - hobgoblin
Aim: a hobgoblin (heavily wounded)
The splash of poison hits the hobgoblin but does no damage.
The hobgoblin is poisoned.
The hobgoblin is heavily wounded.
The hobgoblin hits you.
* * * LOW HITPOINT WARNING * * *
You closely miss the hobgoblin.
The hobgoblin is heavily wounded.
The hobgoblin hits you.
You die...

#.# . #.# ..
#.### ... ##...
....##...
.......g#
#.####..# #
.....#..#####.#
........ggg@..#
.....#..#####.#
..#.##...####.#
............>..#
#..####.........
#........#######
#........#
#######.## # #.#


You could see 3 hobgoblins.

Vanquished Creatures
  A dart slug (D:1)
  A ball python (D:1)
2 creatures vanquished.

Notes
Turn   | Place    | Note
-------+----------+-------------------------------------------
     0 | D:1      | MajorAdolf the Naga Wanderer began the quest for the Orb.
     0 | D:1      | MajorAdolf set off with the following items: a +2 dagger, 2
                  | curare-tipped darts, a +0 hand axe, a +0 hand crossbow, 29
                  | bolts, a +0 robe
     0 | D:1      | Reached XP level 1. HP: 19/19 MP: 1/1
   217 | D:1      | Slain by a hobgoblin

Illustrated notes

Levels and vault maps discovered:
D:1:      amcnicky_arrival_flooded_fountain, layout_loops_ring,
          dreamdust_ecumenical_altar_sealed_demon

Skill      XL: |  1 |
---------------+----+-----
Crossbows      | 3 |  3.0
Fighting       | |  2.0
Throwing       | |  1.0
Hexes          | |  3.0
Evocations     | |  1.0

Action                   || total
-------------------------++-------
Melee: Dagger            ||    11
 Abil: Spit Poison       ||     2
Armor: Robe              ||     3
Dodge: Dodged            ||     2
